Map: Terraform LE (Void)

Players

SticklerMac - Winner!

  • Race: Zerg Zerg
  • League: Silver

WarDoG

  • Race: Protoss Protoss
  • League: Bronze

VOD

Have the link to the VOD?

Description

Time

  • Played on: Sept. 13, 2015, 5:32 p.m.
  • Length: 7:25
Show
View Real Time Build Order
Export as new Build Order

SticklerMac Zerg - Winner!

Build Orders: Pool First 

Get SALT Encoding   

  12  0:01  Drone  
  13  0:08  Drone  
  14  0:15  Extractor  
  14  0:16  Drone  
  14  0:33  Spawning Pool  
  13  0:36  Drone  
  14  0:46  Overlord  
  14  1:07  Drone x2  
  14  1:08  Drone  
  17  1:34  Hatchery  
  17  1:37  Drone  
  17  1:41  Drone  
  18  1:48  Metabolic Boost  
  18  1:54  Drone  
  19  1:58  Drone  
  20  2:02  Zergling x2  
  21  2:12  Zergling x2  
  22  2:22  Overlord  
  22  2:34  Overlord  
  22  2:44  Overlord  
  22  2:51  Overlord  
  22  2:54  Queen x2  
  26  3:01  Drone x2  
  28  3:16  Zergling x2  
  28  3:17  Zergling x4  
  30  3:29  Drone x2  
  30  3:30  Drone  
  33  3:43  Roach Warren  
  32  3:56  Zergling x2  
  32  3:57  Zergling x6  
  32  4:01  Zergling x6  
  32  4:02  Zergling x8  
  40  4:24  Roach x4  
  40  4:27  Roach  
  48  4:37  Roach x2  
  50  4:41  Overlord x3  
  50  5:00  Zergling x2  
  50  5:01  Zergling x8  
  55  5:07  Roach x3  
  50  5:19  Zergling x2  
  50  5:20  Roach x2  
  50  5:21  Roach  
  53  5:23  Roach  
  51  5:38  Roach x3  
  51  5:39  Roach  
  46  5:59  Roach  
  46  6:00  Roach x3  
  46  6:03  Roach  
  56  6:16  Drone x2  
  56  6:17  Drone x2  
  60  6:20  Drone  
  61  6:30  Drone x3  
  64  6:39  Roach  
  68  6:40  Roach  
  68  6:48  Overlord  
  68  6:50  Overlord  
  68  6:59  Roach  
  68  7:00  Roach  
Show
View Real Time Build Order
Export as new Build Order

WarDoG Protoss 

Build Orders:  

Get SALT Encoding   

  12  0:01  Probe (Chrono Boost)  
  13  0:14  Pylon  
  13  0:18  Probe (Chrono Boost)  
  14  0:29  Probe (Chrono Boost)  
  15  0:36  Gateway  
  15  0:40  Probe (Chrono Boost)  
  16  0:47  Assimilator  
  16  0:50  Probe (Chrono Boost)  
  17  1:00  Probe (Chrono Boost)  
  18  1:10  Probe (Chrono Boost)  
  19  1:24  Cybernetics Core  
  19  1:26  Zealot  
  19  1:32  Probe (Chrono Boost)  
  22  1:40  Pylon  
  22  1:58  Warp Gate (Chrono Boost)  
  22  2:01  Stalker  
  24  2:24  Gateway  
  24  2:25  Gateway  
  24  2:27  Gateway  
  24  2:30  Gateway  
  24  2:53  Stalker  
  26  3:33  Pylon  
  25  3:56  Zealot x5  
  29  4:19  Stalker x2  
  29  4:20  Stalker x3  
  39  4:28  Pylon  
  39  4:47  Zealot x3  
  39  4:48  Zealot  
  39  4:49  Pylon  
  47  5:10  Zealot x3  
  47  5:11  Zealot x2  
  19  5:58  Assimilator  
  19  6:04  Stargate  
  19  6:05  Mothership Core  
  19  6:09  Stalker  
  23  6:12  Nexus  
  23  6:29  Stalker  
  23  6:30  Stalker  
  27  6:37  Stalker  
  29  6:44  Adept  
  29  7:01  Stalker  
  29  7:02  Stalker  
  25  7:18  Stalker x3  
Tags
 
Add a new tag
Caveats
  • Supply blocks, unpowered buildings, or Contaminate may cause inaccurate times.
  • Supply counts are checked every 10 seconds.